 Dungeon Crawl Stone Soup version 0.31-a0-237-g2d982f9f85 (webtiles) character file.

Game seed: 12848783335662596183

158 qw the Shooter (level 5, -17/44 HPs)
             Began as a Minotaur Hexslinger on July 11, 2023.
             Demolished by an ogre
             ... wielding a +0 giant club
              (19 damage)
             ... on level 4 of the Dungeon.
             The game lasted 00:01:05 (2841 turns).

qw the Shooter (Minotaur Hexslinger)                Turns: 2841, Time: 00:01:05

Health: -17/44     AC:  7    Str: 12    XL:     5   Next: 16%
Magic:  5/5        EV: 11    Int: 10    God:
Gold:   98         SH:  0    Dex: 21    Spells: 5/6 levels left

rFire   + . .        Y - +1 sling
rCold   . . .        (no shield)
rNeg    . . .        e - +0 ring mail
rPois   .            (helmet restricted)
rElec   .            g - +0 cloak
rCorr   .            (no gloves)
SInv    .            f - +0 pair of boots
Will    .....        (no amulet)
Stlth   +            l - ring of protection from fire
HPRegen 0.27/turn    m - +6 ring of dexterity
MPRegen 0.09/turn

%: no passive effects
@: no status effects
A: horns 2, retaliatory headbutt
a: no special abilities


You were on level 4 of the Dungeon.
You visited 1 branch of the dungeon, and saw 4 of its levels.

You collected 182 gold pieces.
You spent 84 gold pieces at shops.


Innate Abilities, Weirdness & Mutations

You have a pair of horns on your head.
You reflexively headbutt those who attack you in melee.


   Skills:
 + Level 2.8 Fighting
 - Level 5.2 Ranged Weapons
 - Level 1.1 Armour
 - Level 2.1 Dodging
 - Level 1.0 Spellcasting
 - Level 2.0 Hexes


You had 5 spell levels left.
You knew the following spells:

 Your Spells              Type           Power      Damage    Failure   Level
a - Slow                  Hex            16%        N/A       34%         1

Your spell library contained the following spells:

 Spells                   Type           Power      Damage    Failure   Level
 Inner Flame              Hex/Fire       2%         N/A       83%         3
 Portal Projectile        Hex/Tloc       4%         N/A       83%         3
 Cause Fear               Hex            2%         N/A       98%         4

Inventory:

Hand Weapons
 Y - a +1 sling (weapon)
Armour
 e - a +0 ring mail (worn)
 f - a +0 pair of boots (worn)
 g - a +0 cloak (worn)
Jewellery
 l - a ring of protection from fire (left hand)
 m - a +6 ring of dexterity (right hand)
Scrolls
 c - a scroll of identify
Potions
 a - a potion of might {unknown}
 b - a potion of heal wounds {unknown}
 d - a potion of degeneration {unknown}
 h - a potion of mutation {unknown}
 i - a potion of magic {unknown}
 j - a potion of enlightenment {unknown}
 k - a potion of brilliance {unknown}
 n - 2 potions of curing

Dungeon Overview and Level Annotations

Branches:
Dungeon (4/15)
 Temple: D:4-7

Altars:
Qazlal
Vehumet

Shops:
D:2 *!

Annotations:
D:3 3 runed translucent doors, qw's ghost, amateur GrHs


Message History

An ogre comes into view. It is wielding a +0 giant club.
You shoot a sling bullet. The ogre shouts!
The sling bullet hits the endoplasm!
You kill the endoplasm!
You shoot a sling bullet. The sling bullet hits the endoplasm.
You kill the endoplasm!
You shoot a sling bullet. The sling bullet hits the ogre!
The ogre is moderately wounded.
You shoot a sling bullet. The sling bullet hits the ogre.
The ogre is moderately wounded.
A giant cockroach comes into view.
You shoot a sling bullet. The sling bullet hits the ogre.
The ogre is moderately wounded.
You shoot a sling bullet.
The sling bullet barely misses the ogre.
The ogre hits you with a +0 giant club! The giant cockroach barely misses you.
You shoot a sling bullet.
The sling bullet hits the ogre but does no damage.
The ogre is moderately wounded.
The giant cockroach bites you. The ogre barely misses you.
The giant cockroach bites you but does no damage.
You shoot a sling bullet. The sling bullet hits the ogre.
The ogre is heavily wounded.
The giant cockroach closely misses you. You furiously retaliate!
You headbutt the giant cockroach!
You kill the giant cockroach!
The ogre hits you with a +0 giant club!!
Ouch! That really hurt!
You shoot a sling bullet.
The sling bullet barely misses the ogre.
The ogre barely misses you.
You shoot a sling bullet.
The sling bullet hits the ogre but does no damage.
The ogre is heavily wounded.
You shoot a sling bullet.
The sling bullet hits the ogre but does no damage.
The ogre is heavily wounded.
The ogre hits you with a +0 giant club!!
You die...

###################
####..................
#....#################
#....# #########
#....#########........
#.........?...........
#.........####........
###.........#<..<.....##
......O@%...####......#
...##...........#......#
......######.##.#......#
....#. .# #......# ...##
# .#......# .. .......>#
.##.[...## #.......
#.....##


You could see an ogre.

Vanquished Creatures
  Terence (D:3)
  6 adders
  A white imp (D:4)
  A worm (D:2)
  A dart slug (D:1)
  An orc (D:3)
  8 bats
  8 endoplasms
  7 giant cockroaches
  7 goblins
  5 hobgoblins
  2 quokkas
  5 ball pythons
  3 frilled lizards
  5 kobolds
  8 rats
69 creatures vanquished.

Notes
Turn   | Place    | Note
-------+----------+-------------------------------------------
     0 | D:1      | qw the Minotaur Hexslinger began the quest for the Orb.
     0 | D:1      | Reached XP level 1. HP: 16/16 MP: 1/1
     0 | D:1      | 0 ||| qw: Version: 0.3-a-52-g30416fa
     0 | D:1      | 0 ||| qw: Game counter: 5527
     0 | D:1      | 0 ||| qw: Melee chars always use a shield: true
     0 | D:1      | 0 ||| qw: God list: Okawaru
     0 | D:1      | 0 ||| qw: Allow faded altars: false
     0 | D:1      | 0 ||| qw: Do Orc after clearing Dungeon:15 true
     0 | D:1      | 0 ||| qw: Do second Lair branch before Depths: true
     0 | D:1      | 0 ||| qw: Lair rune preference: random
     0 | D:1      | 0 ||| qw: Goals: Normal
     0 | D:1      | 0 ||| PLANNING D:1-11
   102 | D:1      | 102 ||| FLEEEEING.
   103 | D:1      | 103 ||| FLEEEEING.
   104 | D:1      | 104 ||| FLEEEEING.
   105 | D:1      | 105 ||| FLEEEEING.
   114 | D:1      | Reached skill level 3 in Ranged Weapons
   114 | D:1      | Reached XP level 2. HP: 23/23 MP: 2/2
   496 | D:1      | Reached XP level 3. HP: 17/29 MP: 3/3
   808 | D:1      | 808 ||| UPGRADING to +0 ring mail.
   818 | D:1      | 818 ||| DROPPING +0 robe.
   819 | D:1      | 819 ||| UPGRADING to +0 pair of boots.
   824 | D:1      | 824 ||| UPGRADING to ring of protection from fire.
   825 | D:1      | 825 ||| UPGRADING to +6 ring of dexterity.
   826 | D:1      | 826 ||| READING scroll labelled LIAB LUSEEMUEZ.
   830 | D:1      | 830 ||| READING scroll labelled MIDUFUAMIFIG.
   831 | D:1      | 831 ||| READING scroll labelled LOSHO NO YTO.
   832 | D:1      | 832 ||| DROPPING scroll of poison.
  1122 | D:2      | Reached skill level 4 in Ranged Weapons
  1220 | D:2      | Reached skill level 1 in Armour
  1367 | D:2      | Found Giffe's Distillery.
  1376 | D:2      | 1376 ||| BUYING potion of curing (42 gold).
  1376 | D:2      | Bought a potion of curing for 42 gold pieces
  1376 | D:2      | 1376 ||| BUYING potion of curing (42 gold).
  1376 | D:2      | Bought a potion of curing for 42 gold pieces
  1376 | D:2      | 1376 ||| SHOPLISTING potion of enlightenment (70 gold, have
                  | 11).
  1376 | D:2      | 1376 ||| SHOPLISTING potion of mutation (112 gold, have
                  | 11).
  1428 | D:2      | Found Jammas's Assorted Antiques.
  1437 | D:2      | 1437 ||| SHOPLISTING runed scarf (144 gold, have 11).
  1437 | D:2      | 1437 ||| SHOPLISTING scroll labelled KOIS LOZESH (18 gold,
                  | have 11).
  1437 | D:2      | 1437 ||| SHOPLISTING scroll labelled TYAXAJ DAWI (18 gold,
                  | have 11).
  1437 | D:2      | 1437 ||| SHOPLISTING scroll labelled VOUBI JYGGEUSH (18
                  | gold, have 11).
  1437 | D:2      | 1437 ||| SHOPLISTING short gold wand (72 gold, have 11).
  1478 | D:2      | Reached XP level 4. HP: 25/36 MP: 4/4
  1976 | D:2      | 1976 ||| UPGRADING to +0 cloak.
  1981 | D:2      | 1981 ||| READING scroll labelled GEIN BASTRUXE.
  1982 | D:2      | 1982 ||| READING scroll labelled VOUBI JYGGEUSH.
  1983 | D:2      | 1983 ||| READING scroll labelled JOJAN HELODU.
  1984 | D:2      | 1984 ||| READING scroll labelled YTUSIKILL.
  2206 | D:3      | Found a runed translucent gate.
  2210 | D:3      | Noticed Terence
  2225 | D:3      | Killed Terence
  2226 | D:3      | Reached skill level 5 in Ranged Weapons
  2286 | D:3      | Found a radiant altar of Vehumet.
  2414 | D:3      | Found a stormy altar of Qazlal.
  2509 | D:3      | Reached XP level 5. HP: 41/41 MP: 5/5
  2615 | D:3      | Found a runed translucent gate.
  2615 | D:3      | Found a runed translucent gate.
  2617 | D:3      | Noticed qw's ghost (amateur GrHs)
  2707 | D:3      | 2707 ||| READING 2 scrolls labelled TYAXAJ DAWI.
  2830 | D:4      | Noticed an ogre
  2838 | D:4      | HP: 1/44 [ogre/+0 giant club (28)]
  2841 | D:4      | Demolished by an ogre

Levels and vault maps discovered:
D:1:      elethiomel_arrival_shortcut, layout_basic, minmay_tiny_reverse_x
D:2:      layout_basic, serial_shops, nicolae_shop_just_a_little_nook,
          shop_fountains, hex_intersection, kennysheep_generic_room_16
D:3:      layout_basic, nicolae_qazlal_scattered_showers, vehumet_altar_wand_db,
          gammafunk_ghost_nasty_kobolds, nrook_mini_vaults,
          kennysheep_cross_room, uniq_terence
D:4:      layout_basic, minitemple, nemelex_spade_bored_becter

Skill      XL: |  1  2  3  4 |
---------------+-------------+-----
Ranged Weapons | 3 4 5 |  5.2
Fighting       | 2 |  2.8
Armour         | 1 |  1.1
Dodging        | |  2.1
Spellcasting   | |  1.0
Hexes          | |  2.0

Action                     |  1- 3 |  4- 6 || total
---------------------------+-------+-------++-------
   Fire: Sling             |   154 |    87 ||   241
    Use: Scroll            |     3 |     5 ||     8
 Armour: Robe              |     9 |       ||     9
         Ring mail         |    19 |    13 ||    32
  Dodge: Dodged            |    54 |    24 ||    78

Table legend:
 A = Non-vault XP
 B = Vault XP
 C = Vault XP percentage of total XP
 D = Non-vault monster count
 E = Vault monster count
 F = Vault count percentage of total count
                 A         B        C        D         E       F
            +---------+---------+-------+---------+---------+-------
      Total |     187 |      40 |  17.6 |      64 |       5 |   7.2
            +---------+---------+-------+---------+---------+-------
        D:1 |      44 |       4 |   8.3 |      25 |       2 |   7.4
        D:2 |      76 |       2 |   2.6 |      19 |       1 |   5.0
        D:3 |      36 |      34 |  48.6 |      14 |       2 |  12.5
        D:4 |      31 |       0 |   0.0 |       6 |       0 |   0.0
            +---------+---------+-------+---------+---------+-------
